 Dungeon Crawl Stone Soup version 0.17-a0-1582-ge6b0260 (webtiles) character file.

3 Chiseanne the Changer (level 1, 0/13 HPs)
             Began as a Demonspawn Wanderer on July 27, 2015.
             Slain by a goblin (1 damage)
             ... on level 1 of the Dungeon.
             The game lasted 00:00:50 (139 turns).

Chiseanne the Changer (Demonspawn Wanderer)          Turns: 139, Time: 00:00:50

Health: 0/13       AC:  3    Str: 11    XL:     1   Next: 41%
Magic:  2/2        EV: 10    Int: 17    God:
Gold:   0          SH:  0    Dex:  9    Spells: 1 memorised, 1 level left

rFire  . . .     SeeInvis .     d - +0 club
rCold  . . .     Clarity  .     f - +0 leather armour
rNeg   . . .     SustAt   .     (no shield)
rPois  .         Gourm    .     (no helmet)
rElec  .         Spirit   .     (no cloak)
rCorr  .         Warding  .     (no gloves)
rMut   .         Stasis   .     (no boots)
MR     .....                    (no amulet)
Stlth  +.........               (no ring)
                                (no ring)

@: appendage (expiring), not resistant to hostile enchantments, very unstealthy
A: horns 2
a: End Transformation


You were on level 1 of the Dungeon.
You were not hungry.
You had grown temporary horns.
You visited 1 branch of the dungeon, and saw 1 of its levels.

Inventory:

Hand weapons
 d - a +0 club (weapon)
Armour
 f - a +0 leather armour (worn)
Scrolls
 c - a scroll of magic mapping {unknown}
 g - a scroll of random uselessness {unknown}
Books
 a - a book of Minor Magic

   Spells                             Type                      Level
   a - Magic Dart                     Conjuration                  1
   b - Blink                          Translocation                2
   c - Call Imp                       Summoning                    2
   d - Repel Missiles                 Charms/Air                   2
   e - Slow                           Hexes                        2
   f - Conjure Flame                  Conjuration/Fire             3
   g - Mephitic Cloud                 Conjuration/Poison/Air       3
 b - the Reference Book on Transformation

   Spells                             Type                      Level
   a - Beastly Appendage              Transmutation                1
   b - Ignite Poison                  Fire/Transmutation/Poison    3
Comestibles
 e - a bread ration


   Skills:
 + Level 0.2 Fighting
 * Level 0.1 Armour
 + Level 0.1 Dodging
 - Level 1.0 Stealth
 * Level 1.0 Spellcasting
   Level 2.6 Translocations
 + Level 2.7 Transmutations
   Level 1.0 Poison Magic
   Level 1.0 Evocations


You had one spell level left.
You knew the following spells:

 Your Spells              Type           Power        Failure   Level  Hunger
a - Beastly Appendage     Trmt           ##....       10%         1    ##.....


Dungeon Overview and Level Annotations

Branches:
Dungeon (1/15)

Altars:


Innate Abilities, Weirdness & Mutations

You have a pair of horns on your head.


Message History

You hit the hobgoblin but do no damage. The hobgoblin barely misses you.
You closely miss the hobgoblin. You headbutt the hobgoblin.
The hobgoblin is lightly wounded.
The hobgoblin hits you with a club.
You hit the hobgoblin. You headbutt the hobgoblin.
You kill the hobgoblin!
Your transformation is almost over.
You closely miss the goblin. The goblin hits you.
* * * LOW HITPOINT WARNING * * *
The goblin hits you.
* * * LOW HITPOINT WARNING * * *
You closely miss the goblin. The goblin hits you but does no damage.
You completely miss the goblin. Your headbutt misses the goblin.
The goblin closely misses you.
You closely miss the goblin. Your headbutt misses the goblin.
The goblin barely misses you.
You closely miss the goblin. The goblin hits you.
* * * LOW HITPOINT WARNING * * *
The goblin hits you.
You die...

......###...###..........# ....
#.#.#.###....####.# ..
...#..###.##.##.###...# #.# ..
...##....###.###....#.####.### ..
..##.#..##...##..######...... #.
#.##.#..#.....#..# #.#.### #.
##.##.#...........# #.#.# #
#.##........########.# #.#.# #
.......#.##....g@....# #.#.# #
............########.# #.#.###
.......#.##.########.######.#....
####...#.##.................#####
#...#.###########.########
#...... ........# #...#.#
######### #...#.# #...#.#


You could see a goblin.

Vanquished Creatures
  A goblin (D:1)
  A hobgoblin (D:1)
  A rat (D:1)
3 creatures vanquished.

Notes
Turn   | Place    | Note
--------------------------------------------------------------
     0 | D:1      | Chiseanne the Demonspawn Wanderer began the quest for the Orb.
     0 | D:1      | Chiseanne set off with: a book of Minor Magic, the Reference Book on Transformation, a +0 robe, a +0 club, a bread ration
     0 | D:1      | Reached XP level 1. HP: 13/13 MP: 2/2
     0 | D:1      | Identified the Reference Book on Transformation
     2 | D:1      | Learned a level 1 spell: Beastly Appendage
   139 | D:1      | Slain by a goblin

Vault maps used:
D:1:      roderic_crossed_star

Action                   || total
-------------------------++-------
Melee: Club              ||    14
 Cast: Beastly Appendage ||     1
